 Dungeon Crawl Stone Soup version 0.29-a0-271-gd4eb659eea (webtiles) character file.

Game seed: 9005586968314060027

30 spaghetti the Caller (level 2, 0/20 HPs)
             Began as a Demigod Summoner on Mar 8, 2022.
             Slain by Sigmund
             ... wielding a +0 scythe
              (4 damage)
             ... on level 2 of the Dungeon.
             The game lasted 00:02:19 (1150 turns).

spaghetti the Caller (Demigod Summoner)             Turns: 1150, Time: 00:02:19

Health: 0/20       AC:  2    Str:  9    XL:     2   Next: 87%
Magic:  1/7        EV: 12    Int: 17    God:
Gold:   23         SH:  0    Dex: 14    Spells: 1/4 levels left

rFire   . . .      SeeInvis .   (no weapon)
rCold   . . .      Faith    .   i - orb {mayhem}
rNeg    . . .      Spirit   .   a - +0 robe
rPois   .          Reflect  .   (no helmet)
rElec   .          Harm     .   (no cloak)
rCorr   .          Rampage  .   (no gloves)
Will    .....                   (no boots)
Stlth   ++........              (no amulet)
HPRegen 0.06/turn               (no ring)
MPRegen 0.10/turn               (no ring)

@: no status effects
A: high MP 1, forlorn, divine attributes, deformed body, shaggy fur 1
a: no special abilities


You were on level 2 of the Dungeon.
You visited 1 branch of the dungeon, and saw 2 of its levels.

You collected 23 gold pieces.


Innate Abilities, Weirdness & Mutations

You have an increased reservoir of magic. (+10% MP)
You shall have no god before yourself.
Your divine heritage dramatically boosts your attributes as you level up.
Armour fits poorly on your strangely shaped body.
You are covered in fur. (AC +1)


   Skills:
 - Level 1.7 Dodging
 - Level 1.7 Stealth
 - Level 1.7 Spellcasting
 + Level 4.5 Summonings


You had one spell level left.
You knew the following spells:

 Your Spells              Type           Power      Damage    Failure   Level
a - Summon Small Mammal   Summ           68%        N/A       3%          1
b - Call Imp              Summ           17%        N/A       4%          2

Your spell library contained the following spells:

 Spells                   Type           Power      Damage    Failure   Level
 Call Canine Familiar     Summ           17%        N/A       9%          3
 Summon Guardian Golem    Hex/Summ       9%         N/A       24%         3
 Animate Armour           Summ/Erth      18%        N/A       61%         4
 Summon Lightning Spire   Summ/Air       9%         N/A       61%         4
 Blade Hands              Tmut           0%         N/A       99%         5
 Iron Shot                Conj/Erth      0%         9d1       100%        6

Inventory:

Hand Weapons
 g - a +0 hand axe {axe}
   (You found it on level 1 of the Dungeon)
 h - a +0 club {mace}
   (You took it off a kobold on level 1 of the Dungeon)
 j - a +0 club {mace}
   (You found it on level 1 of the Dungeon)
 k - a +0 dagger {short}
   (You found it on level 1 of the Dungeon)
 m - a +0 spear {polearm}
   (You found it on level 1 of the Dungeon)
 p - a +0 hand axe {axe}
   (You found it on level 1 of the Dungeon)
Missiles
 c - 42 stones {throwing}
 l - 5 poisoned darts {throwing}
Armour
 a - a +0 robe (worn)
 i - an orb of mayhem (worn)
   (You found it on level 1 of the Dungeon)
Scrolls
 d - 2 scrolls of enchant weapon {unknown}
 n - a scroll of amnesia
 o - a scroll of identify {@r1}
Potions
 b - a potion of magic

Dungeon Overview and Level Annotations

Branches:
Dungeon (2/15)

Annotations:
D:2 Sigmund

#................####
.....#....<.............
.###....................
.....###.##.............
.#... #.#####โ€
......... ### #.#
###..........
..###..r#B#.....
.......ยงS.w......
###.....@5####....
#........# #..
#.......!..
..##......... .
...##.#..##.. ####
..#... . ##..### ###


You could see a dart slug, a giant cockroach, a ball python (distracted, ally
target), a friendly crimson imp (summoned) and a friendly rat (summoned).


Message History

Press: ? - help, Dir - move target, f/p - frilled lizard
Aim: a frilled lizard (ally target) Attack!
Casting: Call Imp (safe; 4% risk of failure)
Confirm with . or Enter, or press ? or * to list all spells.
Your quokka closely misses the frilled lizard.
The frilled lizard barely misses your quokka. ๐Ÿ˜Ž MP[-1]
You lost 1 mp, and now have 6/7 mp.
Casting: Summon Small Mammal (safe; 3% risk of failure)
Confirm with . or Enter, or press ? or * to list all spells.
A beastly little devil appears in a puff of flame.
Your quokka misses the frilled lizard.
The frilled lizard barely misses your quokka. ๐Ÿ˜Ž MP[-2]
You lost 2 mp, and now have 4/7 mp.
What are your orders? t - Shout!
Orders for allies: a - Attack new target. p - Attack previous target. r - Retreat! s - Stop attacking. g - Guard the area. f - Follow me.
Anything else - Cancel.
Gang up on whom?
Press: ? - help, Dir - move target, f/p - frilled lizard
Aim: a frilled lizard (ally target) Attack!
Your quokka completely misses the frilled lizard.
The frilled lizard closely misses your quokka.
The frilled lizard barely misses your rat.
Your quokka closely misses the frilled lizard.
A ball python comes into view.
Your rat bites the frilled lizard.
The frilled lizard misses your rat.
A frilled lizard comes into view.
Your quokka bites the frilled lizard.
The frilled lizard dies!
Your crimson imp blinks!
Your rat barely misses the ball python.
The ball python bites your rat. The ball python grabs your rat.
The ball python constricts your rat.
Your rat dies!
Your rat's corpse disappears in a puff of smoke!
The frilled lizard closely misses your quokka.
Your quokka disappears in a puff of smoke!
Sigmund the Dreaded comes into view.
He is wielding a +0 scythe.
A dart slug comes into view.
Sigmund shouts!
The ball python barely misses you. The ball python misses you.
A ball python comes into view.
The ball python closely misses you. The ball python grabs you.
The ball python constricts you.
A giant cockroach comes into view. ๐Ÿ˜Ž MP[-1]
You lost 1 mp, and now have 3/7 mp.
Casting: Summon Small Mammal (safe; 3% risk of failure)
Confirm with . or Enter, or press ? or * to list all spells.
Your quokka disappears in a puff of smoke!
The ball python bites you. The ball python constricts you.
Sigmund mumbles some strange words.
Sigmund flickers and vanishes!
Deactivating autopickup; reactivate with Ctrl-A.
Your quokka bites the ball python.
The ball python dies!
Your crimson imp blinks! ๐Ÿ˜• HP[-3] MP[-1]
You take 3 damage, and now have 17/20 hp.
You lost 1 mp, and now have 2/7 mp.
The frilled lizard bites your bat.
Your bat hits the frilled lizard.
Unknown command.
Casting: Summon Small Mammal (safe; 3% risk of failure)
Confirm with . or Enter, or press ? or * to list all spells.
Your quokka disappears in a puff of smoke!
Your bat hits the frilled lizard.
The frilled lizard dies! ๐Ÿ˜• MP[-1]
You lost 1 mp, and now have 1/7 mp.
Unknown command.
What are your orders? t - Shout!
Orders for allies: a - Attack new target. r - Retreat! s - Stop attacking. g - Guard the area. f - Follow me.
Anything else - Cancel.
Gang up on whom?
Press: ? - help, Dir - move target, f - ball python
Aim: a ball python Attack!
Your bat closely misses the ball python.
Your bat barely misses the ball python.
Something hits you!
Ouch! That really hurt!
* * * LOW HITPOINT WARNING * * *
You hit the ball python. Your bat hits the ball python.
The ball python barely misses your bat. The ball python grabs your bat.
The ball python constricts your bat.
Your bat dies!
Your bat's corpse disappears in a puff of smoke!
The ball python barely misses your rat. The ball python misses your rat.
Something hits you.
You die...

Skill      XL: |  1 |
---------------+----+-----
Summonings     | 4 |  4.5
Dodging        | |  1.7
Stealth        | |  1.7
Spellcasting   | |  1.7

Action                   || total
-------------------------++-------
Melee: Unarmed           ||    17
 Cast: Summon Small Mamm ||    30
       Call Imp          ||     3
  Use: Scroll            ||     3
       Potion            ||     2
 Stab: Distracted        ||     1
       Sleeping          ||     1
Armor: Skin              ||    29
       Robe              ||     1
Dodge: Dodged            ||    20

Levels and vault maps discovered:
D:1:      dpeg_arrival_shrine, layout_basic, hangedman_decor_riveting
D:2:      layout_rooms, shapermc_ecumenical_altar_acropolis, uniq_sigmund

Notes
Turn   | Place    | Note
-------+----------+-------------------------------------------
     0 | D:1      | spaghetti the Demigod Summoner began the quest for the Orb.
     0 | D:1      | Reached XP level 1. HP: 14/14 MP: 5/5
     0 | D:1      | magus.rc [v1.9.6]
   296 | D:1      | You pick up a book of Iron and begin reading...
   296 | D:1      | You add the spells Animate Armour, Blade Hands and Iron
                  | Shot to your library.
   716 | D:2      | Gained mutation: Armour fits poorly on your strangely
                  | shaped body. [potion of mutation]
   716 | D:2      | Gained mutation: You are covered in fur. (AC +1) [potion of
                  | mutation]
   727 | D:2      | Reached skill level 4 in Summonings
   727 | D:2      | Reached XP level 2. HP: 8/20 MP: 2/7
   729 | D:2      | HP: 7/30 [frilled lizard[the player character] (2)]
  1019 | D:2      | Learned a level 2 spell: Call Imp
  1142 | D:2      | Noticed Sigmund
  1149 | D:2      | HP: 4/20 [something (13)]
  1150 | D:2      | Slain by Sigmund

Vanquished Creatures
  An adder (D:2)
  A dart slug (D:2)
  A ball python (D:2)
3 creatures vanquished.

Vanquished Creatures (collateral kills)
  An adder (D:2)
  2 giant cockroaches
  3 ball pythons
  A bat (D:1)
  3 frilled lizards
  A kobold (D:1)
11 creatures vanquished.

Grand Total: 14 creatures vanquished

Table legend:
 A = Non-vault XP
 B = Vault XP
 C = Vault XP percentage of total XP
 D = Non-vault monster count
 E = Vault monster count
 F = Vault count percentage of total count
                 A         B        C        D         E       F
            +---------+---------+-------+---------+---------+-------
      Total |      44 |       0 |   0.0 |      14 |       0 |   0.0
            +---------+---------+-------+---------+---------+-------
        D:1 |       6 |       0 |   0.0 |       5 |       0 |   0.0
        D:2 |      38 |       0 |   0.0 |       9 |       0 |   0.0
            +---------+---------+-------+---------+---------+-------

Illustrated notes

Table legend:
 A = Kills in this place as a percentage of kills in entire the game.
 B = Kills by you in this place as a percentage of kills by you in the entire game.
 C = Kills by friends in this place as a percentage of kills by friends in the entire game.
 D = Other kills in this place as a percentage of other kills in the entire game.
 E = Experience gained in this place as a percentage of experience gained in the entire game.
 F = Experience gained in this place divided by the number of levels of this place that you have seen.
                   A       B       C       D       E      F
               +-------+-------+-------+-------+-------+----------------------
         Total | 100.0 | 100.0 | 100.0 |   N/A | 100.0 |  22.0
       Dungeon | 100.0 | 100.0 | 100.0 |   N/A | 100.0 |  22.0
               +-------+-------+-------+-------+-------+----------------------

Table legend: (Time is in decaauts)
 A = Elapsed time spent in this place.
 B = Non-inter-level travel time spent in this place.
 C = Inter-level travel time spent in this place.
 D = Time resting spent in this place.
 E = Time spent auto-exploring this place.
 F = Levels seen in this place.
 G = Mean time per level.
                   A        B        C        D        E       F      G
               +--------+--------+--------+--------+--------+-----+--------+
         Total |   1151 |   1121 |     30 |    315 |    596 |   2 |  575.5 |
       Dungeon |   1151 |   1121 |     30 |    315 |    596 |   2 |  575.5 |
               +--------+--------+--------+--------+--------+-----+--------+

Top non-repeatable levels by time:
     D:1: 877 daAuts
     D:2: 274 daAuts
